 Dungeon Crawl Stone Soup version 0.31.0-12-g77e489cdc1 (webtiles) character file.

Game seed: 128160018133720210

4813 Metae the Fighter (level 10, -2/88 HPs)
             Began as a Minotaur Fighter on Mar 3, 2024.
             Was a Follower of Uskayaw.
             Slain by a hornet (11 damage)
             ... on level 9 of the Dungeon.
             The game lasted 00:28:36 (8430 turns).

Metae the Fighter (Minotaur Fighter)                Turns: 8430, Time: 00:28:37

Health: -2/88      AC: 12    Str: 25    XL:     10   Next: 24%
Magic:  12/12      EV: 17    Int:  5    God:    Uskayaw [*.....]
Gold:   470        SH:  5    Dex: 10    Spells: 9/9 levels left

rFire   . . .        a - +0 trident
rCold   . . .        c - +0 buckler
rNeg    . . .        z - +2 ring mail {Will+}
rPois   .            (helmet restricted)
rElec   .            r - +2 cloak {rCorr}
rCorr   +            (no gloves)
SInv    .            (no boots)
Will    +....        (no amulet) Stlth
                     l - +5 ring of evasion
HPRegen 0.34/turn    (no ring)
MPRegen 0.13/turn

%: no passive effects
@: studying Maces & Flails
A: horns 2, retaliatory headbutt
a: Renounce Religion, Stomp


You were on level 9 of the Dungeon.
You worshipped Uskayaw.
Uskayaw was noncommittal.
You visited 2 branches of the dungeon, and saw 10 of its levels.
You also visited: Sewer.

You collected 470 gold pieces.

Inventory:

Hand Weapons
 a - a +0 trident (weapon)
 b - a +2 sling of electrocution
Missiles
 e - 39 poisoned darts (quivered)
 n - 63 stones
 o - a throwing net
 u - 9 javelins
Armour
 c - a +0 buckler (worn)
 m - a +0 scale mail
 r - a +2 cloak of preservation (worn)
 z - a +2 ring mail of willpower (worn)
Jewellery
 l - a +5 ring of evasion (left hand)
Wands
 B - a wand of paralysis (3)
Scrolls
 d - a scroll of vulnerability {unknown}
 f - 2 scrolls of enchant armour
 h - a scroll of blinking
 j - a scroll of butterflies
 q - 2 scrolls of amnesia
 w - 3 scrolls of teleportation
 x - 3 scrolls of revelation
 y - a scroll of fear
 C - a scroll of identify
Potions
 g - 3 potions of mutation {unknown}
 i - 2 potions of brilliance {unknown}
 k - 3 potions of heal wounds
 p - 6 potions of curing
 s - 3 potions of enlightenment
 t - 2 potions of attraction {unknown}
 v - a potion of haste {unknown}
 A - a potion of berserk rage {unknown}
 D - a potion of degeneration {unknown}


   Skills:
 + Level 8.0 Fighting
 + Level 7.5 Polearms
 + Level 6.0 Ranged Weapons
 + Level 7.9 Armour
 + Level 6.2 Dodging
 + Level 7.8 Shields
 + Level 4.7 Invocations


You had 9 spell levels left.
You didn't know any spells.
Your spell library contained the following spells:

 Spells                   Type           Power      Damage    Failure   Level
 Apportation              Tloc           0%         N/A       65%         1
 Magic Dart               Conj           0%         1d3       65%         1
 Shock                    Conj/Air       0%         1d3       65%         1
 Blink                    Tloc           0%         N/A       80%         2
 Call Imp                 Summ           0%         N/A       80%         2
 Jinxbite                 Hex            0%         N/A       80%         2
 Gell's Gravitas          Tloc           0%         N/A       95%         3
 Swiftness                Air            0%         N/A       95%         3
 Teleport Other           Tloc           0%         N/A       95%         3
 Airstrike                Air            0%         2d(0-16)  100%        4
 Ignite Poison            Fire/Alch      0%         N/A       100%        4
 Sticky Flame             Fire/Alch      0%         2d4       100%        4
 Alistair's Intoxication  Alch           0%         N/A       100%        5
 Dispersal                Tloc           0%         N/A       100%        6
 Ignition                 Fire           0%         3d3       100%        8


Dungeon Overview and Level Annotations

Branches:
Dungeon (9/15)             Temple (1/1) D:5           Sewer (visited)
   Lair: D:8-11         Orc: D:9-12

Altars:
Ashenzari
Cheibriados
Elyvilon
Fedhas
Gozag
Kikubaaqudgha
Nemelex Xobeh
Okawaru
Qazlal
Ru
Sif Muna
Trog
Uskayaw
Vehumet
Wu Jian
Yredelemnul
The Shining One


Innate Abilities, Weirdness & Mutations

You have a pair of horns on your head.
You reflexively headbutt those who attack you in melee.


Message History

The hornet is heavily wounded.
You feel sick. The hornet barely misses you. The hornet closely misses you.
You closely miss the hornet.
You headbutt the hornet, but do no damage.
The hornet is heavily wounded.
You feel sick. The hornet barely misses you. You furiously retaliate!
You headbutt the hornet. You barely miss the hornet.
Your headbutt misses the hornet.
The hornet is heavily wounded.
You feel sick. The hornet barely misses you. You furiously retaliate!
You headbutt the hornet.
The hornet stings you but does no damage.
You closely miss the hornet.
The hornet is heavily wounded.
You feel sick. The hornet misses you.
You hit the hornet but do no damage. Your headbutt misses the hornet.
The hornet is heavily wounded.
You feel sick.
You are no longer poisoned.
The hornet stings you!
* * * LOW HITPOINT WARNING * * *
You feel yourself slow down.
You miss the hornet. Your headbutt misses the hornet.
The hornet is heavily wounded.
The hornet stings you!
* * * LOW HITPOINT WARNING * * *
You feel as though you will be slow longer.
The hornet barely misses you.
You miss the hornet.
The hornet is heavily wounded.
You block the hornet's attack. The hornet completely misses you.
You closely miss the hornet.
The hornet is heavily wounded.
You feel yourself speed up. The hornet barely misses you.
The hornet stings you but does no damage.
You miss the hornet. You headbutt the hornet.
The hornet is heavily wounded.
The hornet stings you!
You die...

#.# #.# ## #.# #..
#.# #.######### #.#
#.#...>...# #. #.#
#.#.#####.#
##..###y# #.#.# #.#
.......@####.#.# #.#
##..##.......#.# #.#
#.####..#.# #.# #.
#^.#.#####.### #.
#..#.......... #.
#..#######.##. .#.##
#.))))))...##.
.....##..)#########.
.........)# #.


You could see a hornet.

Vanquished Creatures
  Maurice (D:8)
  The ghost of Metae the Covered, a novice MiFi (D:5)
  Joseph (D:7)
  Psyche (D:9)
  The ghost of gohu the Digger, a novice GrEE of Sif Muna (D:5)
  A hornet (D:8)
  Edmund (D:5)
  Duvessa (D:4)
  2 ice beasts
  A sky beast (D:6)
  A black bear (D:8)
  4 centaurs
  A phantom (D:7)
  8 bullfrogs
  2 kobold brigands
  A scorpion (D:5)
  Dowan (D:4)
  9 killer bees (D:7)
  A howler monkey (D:8)
  Crazy Yiuf (D:3)
  5 hounds
  2 bombardier beetles (D:5)
  A jelly (D:8)
  4 orc priests
  Jessica (D:3)
  Natasha (twice) (D:2)
  2 iguanas (D:7)
  7 orc wizards
  A sleepcap (D:6)
  9 gnolls
  7 adders
  A river rat (Sewer)
  A white imp (D:6)
  2 dart slugs (D:2)
  2 ribbon worms
  28 orcs
  9 ball pythons
  5 endoplasms
  2 giant cockroaches
  2 goblins
  6 hobgoblins
  10 jackals
  2 quokkas
  3 bats
  3 frilled lizards
  12 kobolds
  14 rats
183 creatures vanquished.

Vanquished Creatures (others)
  An orc (D:9)
1 creature vanquished.

Grand Total: 184 creatures vanquished

Notes
Turn   | Place    | Note
-------+----------+-------------------------------------------
     0 | D:1      | Metae the Minotaur Fighter began the quest for the Orb.
     0 | D:1      | Reached XP level 1. HP: 19/19 MP: 0/0
    77 | D:1      | You fall into a shaft and drop 1 floor!
   111 | D:2      | Reached XP level 2. HP: 26/27 MP: 1/1
   142 | D:2      | Identified the +3 leather armour of Curiosity {rN+ MP+9}
   428 | D:2      | Reached skill level 1 in Dodging
   623 | D:1      | Found a faded altar of an unknown god.
   655 | D:1      | Reached XP level 3. HP: 33/33 MP: 2/2
   883 | D:2      | Noticed Natasha
   890 | D:2      | Killed Natasha
   891 | D:2      | Reached skill level 4 in Fighting
   903 | D:2      | Found a shimmering blue altar of Sif Muna.
  1269 | D:2      | Noticed Natasha
  1276 | D:2      | Killed Natasha
  1277 | D:2      | Reached XP level 4. HP: 31/40 MP: 3/3
  1364 | D:3      | Reached skill level 1 in Ranged Weapons
  1635 | D:3      | Noticed Jessica
  1650 | D:3      | Killed Jessica
  1651 | D:3      | Reached XP level 5. HP: 34/47 MP: 4/4
  1803 | D:3      | Found a runed translucent door.
  1804 | D:3      | Noticed Crazy Yiuf
  1981 | D:3      | Killed Crazy Yiuf
  2077 | D:4      | Noticed Duvessa
  2092 | D:4      | Killed Duvessa
  2093 | D:4      | Reached XP level 6. HP: 45/53 MP: 5/5
  2094 | D:4      | Noticed Dowan
  2101 | D:4      | Killed Dowan
  2237 | D:4      | Found a glowing drain.
  2241 | Sewer    | Entered a sewer
  2291 | Sewer    | Reached skill level 5 in Armour
  2291 | Sewer    | Reached skill level 5 in Shields
  2337 | Sewer    | Found a glowing silver altar of Zin.
  2494 | D:4      | Reached skill level 5 in Fighting
  3065 | D:4      | Found a snail-covered altar of Cheibriados.
  3065 | D:4      | Found a broken altar of Ashenzari.
  3156 | D:5      | Entered Level 5 of the Dungeon
  3198 | D:5      | Reached XP level 7. HP: 61/61 MP: 6/6
  3240 | D:5      | Found a stormy altar of Qazlal.
  3320 | D:5      | Found a staircase to the Ecumenical Temple.
  3326 | Temple   | Entered the Ecumenical Temple
  3332 | Temple   | Became a worshipper of Uskayaw the Reveller
  3412 | D:5      | Reached * piety under Uskayaw
  3457 | D:5      | Reached ** piety under Uskayaw
  3589 | D:5      | Reached *** piety under Uskayaw
  3737 | D:5      | Reached skill level 1 in Invocations
  3886 | D:5      | Noticed Edmund
  3907 | D:5      | Killed Edmund
  3908 | D:5      | Reached skill level 5 in Polearms
  4156 | D:5      | Reached **** piety under Uskayaw
  4228 | D:5      | Found a runed translucent gate.
  4228 | D:5      | Found a runed translucent gate.
  4228 | D:5      | Found a runed translucent gate.
  4229 | D:5      | Noticed Metae's ghost (novice MiFi)
  4230 | D:5      | Noticed gohu's ghost (novice GrEE)
  4413 | D:6      | Reached XP level 8. HP: 70/70 MP: 8/8
  4670 | D:6      | Reached skill level 6 in Fighting
  5275 | D:7      | Reached ***** piety under Uskayaw
  5279 | D:7      | Reached XP level 9. HP: 64/78 MP: 8/10
  5362 | D:7      | Noticed Joseph
  5382 | D:7      | Killed Joseph
  5383 | D:7      | Reached skill level 5 in Dodging
  5640 | D:7      | Reached skill level 7 in Fighting
  5694 | D:7      | Reached skill level 5 in Ranged Weapons
  6159 | D:5      | Killed Metae's ghost
  6168 | D:5      | Killed gohu's ghost
  6384 | D:8      | Found an iron altar of Okawaru.
  6544 | D:8      | Identified the +2 robe "Dathaitz" {-Cast rN+ Dex+4}
  6682 | D:8      | Reached XP level 10. HP: 39/88 MP: 12/12
  6884 | D:8      | Found a shimmering blue altar of Sif Muna.
  6888 | D:8      | Found a bloodstained altar of Trog.
  6893 | D:8      | Noticed Maurice
  6901 | D:8      | Something stole 33 poisoned darts
  6908 | D:8      | Something stole 402 gold
  6911 | D:8      | Something stole a +2 sling of electrocution
  7430 | D:8      | Killed Maurice
  8312 | D:9      | Noticed Psyche
  8335 | D:9      | Killed Psyche
  8336 | D:9      | Reached skill level 8 in Fighting
  8430 | D:9      | Slain by a hornet

Illustrated notes

Levels and vault maps discovered:
D:1:      onia_arrival_handbag, layout_rooms, dreamdust_ecumenical_altar_grove
D:2:      layout_loops_ring, basic_altar, uniq_natasha
D:3:      layout_basic, uniq_jessica, uniq_crazy_yiuf_cottage
D:4:      layout_basic, nicolae_overflow_two_pavilions,
          mainiacjoe_sewer_entry_somewhere_in_here_2, uniq_duvessa
D:5:      layout_loops_ring, mainiacjoe_overflow_concentric_impassable,
          minmay_temple_entry_fiery, gammafunk_ghost_cemetery, uniq_edmund
D:6:      layout_basic
D:7:      layout_loops_ring, uniq_joseph
D:8:      layout_layer_cave, hellmonk_overflow_destroyed_library,
          mainiacjoe_overflow_six_doors_small, nrook_loot_triangle, uniq_maurice
D:9:      layout_basic, regret_index_temple_of_mockery,
          grunt_dithmenos_smoke_and_mirrors, erik_lair_dragon,
          hiddenorc2_lemuel, serial_glass, glass_columns_b, glass_columns_a,
          uniq_psyche
Temple:   minmay_freezing_vapour_temple

Skill      XL: |  1  2  3  4  5  6  7  8  9 10 |
---------------+-------------------------------+-----
Dodging        | 1 2 3 4 5 6 |  6.2
Armour         | 4 5 6 7 |  7.9
Shields        | 4 5 6 7 |  7.8
Fighting       | 4 5 6 7 8 |  8.0
Polearms       | 3 4 5 6 7 |  7.5
Ranged Weapons | 1 2 3 4 5 6 |  6.0
Invocations    | 1 3 4 |  4.7

Action                     |  1- 3 |  4- 6 |  7- 9 | 10-12 || total
---------------------------+-------+-------+-------+-------++-------
  Melee: Trident           |    74 |   111 |   339 |   149 ||   673
         Headbutt          |    11 |    17 |    51 |    16 ||    95
   Fire: Sling             |       |    27 |       |     1 ||    28
  Throw: Dart              |       |     2 |       |       ||     2
    Use: Scroll            |       |     3 |     4 |       ||     7
         Potion            |       |       |     1 |       ||     1
   Stab: Paralysed         |       |       |    15 |     3 ||    18
         Confused          |       |       |       |     1 ||     1
 Armour: Scale mail        |    27 |    35 |    90 |       ||   152
         Ring mail         |       |       |    51 |   108 ||   159
  Dodge: Dodged            |    29 |    59 |   169 |    64 ||   321
  Block: Buckler           |     9 |    20 |    59 |    33 ||   121
